 Dungeon Crawl Stone Soup version 0.19.1-1-g22dce08 (webtiles) character file.

44 bombpersons the Ducker (level 3, -3/17 HPs)
             Began as a Felid Berserker on Dec 31, 2016.
             Was a Believer of Trog.
             Slain by Terence
             ... wielding a +0 hand axe
              (8 damage)
             ... on level 2 of the Dungeon.
             The game lasted 00:06:39 (1985 turns).

bombpersons the Ducker (Felid Berserker)            Turns: 1985, Time: 00:06:40

Health: -3/17      AC:  1    Str: 16    XL:     3   Next: 41%
Magic:  4/4        EV: 20    Int:  8    God:    Trog [**....]
Gold:   12         SH:  0    Dex: 15    Spells: 0 memorised, 2 levels left
                                        Lives:  0   Deaths: 0

rFire  . . .     SeeInvis +       - Unarmed
rCold  . . .     Gourm    .     (armour unavailable)
rNeg   . . .     Faith    .     (shield unavailable)
rPois  .         Spirit   .     (helmet unavailable)
rElec  .         Reflect  .     (cloak unavailable)
rCorr  .         Harm     .     (gloves unavailable)
MR     .....                    (boots unavailable)
Stlth  ++........               (no amulet)
                                (no ring)
                                f - +2 ring of strength

@: quick
A: no armour, no weapons or thrown items, stealth, claws 1, fangs 3, see
invisible, carnivore 3, speed 1, shaggy fur 1, slow metabolism 1, sharp paws
a: Berserk, Trog's Hand, Burn Spellbooks, Renounce Religion


You were on level 2 of the Dungeon.
You worshipped Trog.
Trog was pleased with you.
You were full.

You visited 1 branch of the dungeon, and saw 2 of its levels.

You collected 12 gold pieces.

Inventory:

Jewellery
 b - a +4 ring of intelligence {unknown}
 f - a +2 ring of strength (left paw)
Scrolls
 g - a scroll of enchant weapon {unknown}
 i - a scroll of remove curse {unknown}
Potions
 a - a potion of flight {unknown}
 c - a potion of resistance {unknown}
 d - a potion of curing
 e - a potion of degeneration {unknown}
 j - a potion of mutation {unknown}
 k - a potion of cancellation {unknown}


   Skills:
 * Level 3.6 Fighting
 + Level 4.6 Dodging
 + Level 0.4 Stealth
 + Level 3.5 Unarmed Combat


You had 2 spell levels left.
You didn't know any spells.

Dungeon Overview and Level Annotations

Branches:
Dungeon (2/15)

Altars:

Annotations:
D:2 Terence


Innate Abilities, Weirdness & Mutations

You cannot wear armour.
You are incapable of wielding weapons or throwing items.
Your paws allow you to move quietly. (Stealth)
You have sharp claws.
You have razor-sharp teeth.
You have supernaturally acute eyesight. (SInv)
You are carnivorous and can eat meat at any time.
You cover ground quickly.
You are covered in fur. (AC +1)
You have a slow metabolism.
Your sharp claws are effective at attacking unaware monsters.


Message History

The quokka bites you.
You scratch the quokka.
The quokka is severely wounded.
The quokka closely misses you. Terence misses you.
You closely miss the quokka.
The quokka is severely wounded.
The quokka closely misses you.
You closely miss the quokka.
The quokka is severely wounded.
Terence completely misses you. The quokka closely misses you.
You closely miss the quokka.
The quokka is severely wounded.
Terence hits you with a hand axe.
* * * LOW HITPOINT WARNING * * *
The quokka closely misses you.
You scratch the quokka.
You kill the quokka!
Trog accepts your kill. Terence hits you with a hand axe!
You die...

...# ##.....#.# ...#
#...####.#
#####..####..)## #(#
#...#....##..†.# #.#
#...#.(..##....# #.##
#)..#....##....# #...
#...#....##....# ####
..#####...#....##....#
....=....†@.>..'.....#
.........@#....##....#
..........#....##....#
........###....#######
........# ######
......... #########


You could see Terence.

Vanquished Creatures
  An ooze (D:1)
  A dart slug (D:1)
  A leopard gecko (D:1)
  4 giant cockroaches (D:1)
  4 goblins
  3 hobgoblins (D:1)
  3 jackals (D:1)
  A quokka (D:2)
  A ball python (D:2)
  A bat (D:1)
  3 frilled lizards
  6 kobolds (D:1)
  6 rats (D:1)
35 creatures vanquished.

Notes
Turn   | Place    | Note
-------+----------+-------------------------------------------
     0 | D:1      | bombpersons the Felid Berserker began the quest for the Orb.
     0 | D:1      | Reached XP level 1. HP: 10/10 MP: 2/2
   117 | D:1      | Reached XP level 2. HP: 8/14 MP: 3/3
   964 | D:1      | Reached XP level 3. HP: 17/17 MP: 4/4
  1582 | D:1      | Reached ** piety under Trog
  1960 | D:2      | Noticed Terence
  1985 | D:2      | Slain by Terence

Action                   || total
-------------------------++-------
Melee: Unarmed           ||    95
       Bite              ||     4
  Use: Scroll            ||     2
       Potion            ||     1
 Stab: Sleeping          ||     6
  Eat: Meat ration       ||     1
Armor: Skin              ||     1
Dodge: Dodged            ||    71
